 Dungeon Crawl Stone Soup version 0.30.1-9-gdf580d7c3d (webtiles) character file.

Game seed: 16331302752128944363

765 KittyFluff the Covered (level 7, -20/44 HPs)
             Began as a Gargoyle Berserker on Oct 18, 2023.
             Was a Priest of Trog.
             Demolished by a large abomination (25 damage)
             ... on level 1 of the Abyss.
             The game lasted 00:14:15 (3476 turns).

KittyFluff the Covered (Gargoyle Berserker)         Turns: 3476, Time: 00:14:19

Health: -20/44     AC: 14    Str: 22    XL:     7   Next: 81%
Magic:  7/7        EV: 12    Int:  8    God:    Trog [***...]
Gold:   148        SH:  0    Dex:  9    Spells: 6/6 levels left

rFire   . . .        a - +0 mace
rCold   + . .        (no shield)
rNeg    + . .        g - +2 leather armour {rC+}
rPois   ∞            r - +0 helmet
rElec   +            q - +0 cloak {Stlth+}
rCorr   .            (no gloves)
SInv    +            C - +0 pair of boots
Will    +....        (no amulet)
Stlth   ++           e - ring of willpower
HPRegen 0.27/turn    y - ring of see invisible
MPRegen 0.10/turn

%: no passive effects
@: no status effects
A: sickness immunity, AC +4, negative energy resistance 1, electricity
resistance, torment resistance 1, petrification resistance
a: Renounce Religion, Berserk, Trog's Hand


You were on level 1 of the Abyss.
You worshipped Trog.
Trog was most pleased with you.
You visited 1 branch of the dungeon, and saw 4 of its levels.
You visited the Abyss 1 time.

You collected 148 gold pieces.

Inventory:

Hand Weapons
 a - a +0 mace (weapon)
 d - a +1 heavy mace
 f - a +0 sling
 p - a +4 quarterstaff of chaos
Missiles
 l - 5 poisoned darts (quivered)
Armour
 g - a +2 leather armour of cold resistance (worn)
 q - a +0 cloak of stealth (worn)
 r - a +0 helmet (worn)
 t - the +1 robe "Kiorawoq" {Rampage rPois Will- rCorr}
   (You found it on level 3 of the Dungeon)

   rPois:     It protects you from poison.
   rCorr:     It protects you from acid and corrosion.
   Rampage:   It bestows one free step when moving towards enemies.
   Will:      It decreases your willpower.
 w - a +1 hat
 A - a +0 robe of cold resistance
 C - a +0 pair of boots (worn)
Jewellery
 e - a ring of willpower (left hand)
 y - a ring of see invisible (right hand)
Wands
 s - a wand of roots (6)
Scrolls
 b - 3 scrolls of fog {unknown}
 i - 3 scrolls of blinking
 j - 2 scrolls of magic mapping
 k - a scroll of fear {unknown}
 m - 2 scrolls of identify {unknown}
 v - a scroll of teleportation {unknown}
 x - a scroll of enchant armour {unknown}
 B - a scroll of amnesia {unknown}
Potions
 c - a potion of invisibility {unknown}
 h - 4 potions of degeneration {unknown}
 n - 2 potions of lignification {unknown}
 o - a potion of cancellation {unknown}
 u - 3 potions of heal wounds {unknown}
 z - 2 potions of berserk rage {unknown}
 D - a potion of ambrosia {unknown}


   Skills:
 + Level 5.0 Fighting
 * Level 5.6 Maces & Flails
 * Level 5.6 Armour
 + Level 3.2 Dodging


You had 6 spell levels left.
You didn't know any spells.
Your spell library was empty.

Dungeon Overview and Level Annotations

Branches:
Dungeon (4/15)             Temple (0/1) D:4

Altars:
Xom
Yredelemnul

Annotations:
D:4 Sigmund


Innate Abilities, Weirdness & Mutations

You are immune to sickness and miasma.
Your stone body is resilient. (AC +4)
You are immune to poison.
You resist negative energy. (rN+)
You are resistant to electric shocks. (rElec)
You are resistant to unholy torment.
You are immune to petrification.


Message History

The puff of frost hits you. You resist. The white imp gestures at you.
The puff of frost hits you but does no damage.
An ancient zyme comes into view.
The white imp gestures at you.
The puff of frost hits you but does no damage.
You resist.
You barely miss the white imp.
You are suddenly pulled into a different region of the Abyss!
Found a corrupted altar of Lugonu.
A thrashing horror comes into view.
A ynoxinul comes into view.
Found a corrupted altar of Lugonu.
Found a gateway leading deeper into the Abyss.
A large abomination comes into view.
The large abomination closely misses you.
A small abomination comes into view.
You hit the large abomination.
The large abomination is lightly damaged.
The large abomination hits you!!
Ouch! That really hurt!
A large abomination comes into view.
You barely miss the large abomination.
The large abomination is lightly damaged.
The large abomination hits you.
You hit the large abomination.
The large abomination is lightly damaged.
The small abomination hits you. The large abomination hits you!
* * * LOW HITPOINT WARNING * * *
You barely miss the large abomination.
The large abomination is lightly damaged.
The small abomination closely misses you.
The large abomination barely misses you.
As you read the scroll labelled SOFU TISEIZOEWN, it crumbles to dust.
You feel momentarily disoriented.
It was a scroll of magic mapping.
The small abomination hits you.
* * * LOW HITPOINT WARNING * * *
The large abomination hits you!!
Ouch! That really hurt!
You die...

#.....#.## ##. # ##...
#.# .... #
#...#.###...###.. ....
.... #..#.......
#.....#.##.#.#...#...#
# ... ..##.....#...#
.. # #####.##.>#..#
#3# ..##X...# # #.
#.##@# ##.# # #.#.#x#
.# # #. #.# ~# #. ...
# ## #X. .... ..~ ##


You could see 2 large abominations and a small abomination.

Vanquished Creatures
  A ynoxinul (Abyss:1)
  A black bear (D:2)
  The ghost of Zespara the Shield-Bearer, an amateur MiFi (D:3)
  A bullfrog (D:4)
  A scorpion (D:4)
  An orc priest (D:4)
  Crazy Yiuf (D:2)
  Jessica (D:2)
  A scorpion zombie (D:3)
  A hound zombie (D:3)
  Robin (D:2)
  4 gnolls (D:4)
  5 adders
  An adder zombie (D:3)
  2 worms
  2 dart slugs
  4 orcs (D:3)
  4 bats
  5 endoplasms
  5 giant cockroaches
  12 goblins
  11 hobgoblins
  5 jackals (D:2)
  A quokka (D:2)
  3 ball pythons
  3 frilled lizards (D:3)
  6 kobolds
  7 rats
91 creatures vanquished.

Notes
Turn   | Place    | Note
-------+----------+-------------------------------------------
     0 | D:1      | KittyFluff the Gargoyle Berserker began the quest for the
                  | Orb.
     0 | D:1      | Reached XP level 1. HP: 14/14 MP: 1/1
   287 | D:1      | Reached XP level 2. HP: 19/19 MP: 2/2
   887 | D:2      | Reached XP level 3. HP: 23/23 MP: 3/3
  1037 | D:2      | Reached ** piety under Trog
  1385 | D:2      | Found a runed translucent door.
  1386 | D:2      | Noticed Crazy Yiuf
  1394 | D:2      | Killed Crazy Yiuf
  1395 | D:2      | Reached XP level 4. HP: 24/29 MP: 4/4
  1594 | D:2      | Noticed Robin
  1603 | D:2      | Killed Robin
  1673 | D:2      | Reached XP level 5. HP: 33/33 MP: 5/5
  1691 | D:2      | Noticed Jessica
  1704 | D:2      | Noticed a black bear
  1748 | D:2      | Killed a black bear
  1751 | D:2      | Killed Jessica
  1752 | D:2      | Reached XP level 6. HP: 12/38 MP: 6/6
  1994 | D:3      | Found a basalt altar of Yredelemnul.
  2074 | D:3      | Identified the +1 robe "Kiorawoq" {Rampage rPois Will-
                  | rCorr}
  2116 | D:3      | Reached *** piety under Trog
  2192 | D:3      | Found a runed translucent door.
  2193 | D:3      | Noticed Zespara's ghost (amateur MiFi)
  2216 | D:3      | Killed Zespara's ghost
  2404 | D:3      | Found a shimmering altar of Xom.
  2777 | D:3      | Reached skill level 5 in Maces & Flails
  2956 | D:4      | Reached XP level 7. HP: 42/44 MP: 7/7
  2997 | D:4      | Reached skill level 5 in Armour
  3006 | D:4      | Found a staircase to the Ecumenical Temple.
  3270 | D:4      | Noticed Sigmund
  3277 | Abyss:1  | Cast into level 1 of the Abyss (Sigmund)
  3284 | Abyss:1  | Found a corrupted altar of Lugonu.
  3344 | Abyss:1  | Noticed a ynoxinul
  3357 | Abyss:1  | Killed a ynoxinul
  3358 | Abyss:1  | Reached skill level 5 in Fighting
  3361 | Abyss:1  | Noticed an ancient zyme
  3373 | Abyss:1  | Found a corrupted altar of Lugonu.
  3422 | Abyss:1  | Noticed a thrashing horror
  3451 | Abyss:1  | Noticed a ynoxinul
  3456 | Abyss:1  | Found a corrupted altar of Lugonu.
  3465 | Abyss:1  | Noticed a large abomination
  3472 | Abyss:1  | Noticed a large abomination
  3476 | Abyss:1  | Demolished by a large abomination

Illustrated notes

Levels and vault maps discovered:
D:1:      psy_arrival_conway, layout_loops_ring, serial_glass, glass_columns_b,
          glass_columns_a
D:2:      layout_loops_ring, uniq_robin, uniq_jessica, uniq_crazy_yiuf_cottage
D:3:      layout_basic, lemuel_tele_altar, nicolae_yredelemnul_corpse_copse,
          gammafunk_ghost_grave, eino_tiny_chamber
D:4:      layout_loops_corners, minmay_temple_entry_proselytizer,
          uniq_eustachio, uniq_sigmund
Abyss:1:  base:
D:4

Skill      XL: |  1  2  3  4  5  6  7 |
---------------+----------------------+-----
Armour         | 3 4 5 |  5.6
Dodging        | 2 3 |  3.2
Fighting       | 4 5 |  5.0
Maces & Flails | 4 5 |  5.6

Action                     |  1- 3 |  4- 6 |  7- 9 || total
---------------------------+-------+-------+-------++-------
  Melee: Mace              |   102 |   213 |    57 ||   372
         Punch             |     1 |     2 |     2 ||     5
 Invoke: Berserk           |     1 |     1 |       ||     2
    Use: Scroll            |       |     1 |     1 ||     2
   Stab: Sleeping          |       |     7 |     2 ||     9
 Armour: Animal skin       |    12 |       |       ||    12
         Leather armour    |    35 |   123 |    24 ||   182
  Dodge: Dodged            |    59 |   156 |    20 ||   235
